NCAA
NORTH CAROLINA TAR HEELS @ TEXAS TECH RED RAIDERS
05/21/2030
 
TOP OF THE 1ST
North Carolina Tar Heels batting - Pitching for Texas Tech Red Raiders : RHP Carlos Pineda
Pitching: RHP Carlos Pineda
Batting: LHB Alfonso Sánchez 0-0: Ball
1-0: Called Strike
1-1: Ball
2-1: Swinging Strike
2-2: Ball
3-2: SINGLE (Line Drive, 4)
Batting: RHB Scotty Sherman 0-0: Swinging Strike
0-1: Called Strike
0-2: Ball
1-2: Strikes out swinging
Batting: RHB Shane Hunter 0-0: Ball
1-0: Foul Ball, location: 2F
1-1: Foul Ball, location: 2F
1-2: Foul Ball, location: 2F
1-2: Ball
2-2: Strikes out swinging
Batting: LHB Tim Black 0-0: Ball
1-0: Foul Ball, location: 2F
1-1: Called Strike
1-2: Ball
2-2: Strikes out swinging
Top of the 1st over - 0 runs, 1 hit, 0 errors, 1 left on base; North Carolina 0 - Texas Tech 0
BOTTOM OF THE 1ST
Texas Tech Red Raiders batting - Pitching for North Carolina Tar Heels : RHP Craig Scott
Pitching: RHP Craig Scott
Batting: RHB Terrence Schneider 0-0: Swinging Strike
0-1: Ball
1-1: Ball
2-1: Ground out 4-3 (Groundball, 4)
Batting: RHB Johnathan Williams 0-0: Called Strike
0-1: Ball
1-1: Foul Ball, location: 2F
1-2: Strikes out swinging
Batting: LHB Marshall Dunn 0-0: Called Strike
0-1: Ball
1-1: Ball
2-1: Swinging Strike
2-2: Ball
3-2: Base on Balls
Batting: SHB Manuel Hernández 0-0: Ball
1-0: Ground out 4-3 (Groundball, 4)
Bottom of the 1st over - 0 runs, 0 hits, 0 errors, 1 left on base; North Carolina 0 - Texas Tech 0
TOP OF THE 2ND
North Carolina Tar Heels batting - Pitching for Texas Tech Red Raiders : RHP Carlos Pineda
Batting: RHB Doug Bruce 0-0: Ball
1-0: Called Strike
1-1: Ball
2-1: Foul Ball, location: 2F
2-2: Foul Ball, location: 2F
2-2: SINGLE (Line Drive, 56D)
Batting: SHB Justin Boyle 0-0: SINGLE (Line Drive, 9LS)
Doug Bruce to second
Batting: RHB Howard Brown 0-0: Called Strike
0-1: Ball
1-1: Foul Ball, location: 2F
1-2: Fly out, F8 (Flyball, 8LD)
Batting: LHB Emory Bernal 0-0: Foul Ball, location: 2F
0-1: Ball
1-1: Ball
2-1: Fly out, F7 (Flyball, 7)
Batting: LHB Quinn Wolfe 0-0: Ball
1-0: Ball
2-0: Swinging Strike
2-1: Foul Ball, location: 2F
2-2: Foul Ball, location: 2F
2-2: Strikes out looking
Top of the 2nd over - 0 runs, 2 hits, 0 errors, 2 left on base; North Carolina 0 - Texas Tech 0
BOTTOM OF THE 2ND
Texas Tech Red Raiders batting - Pitching for North Carolina Tar Heels : RHP Craig Scott
Batting: SHB Lee Oliver 0-0: Foul Ball, location: 2F
0-1: SINGLE (Groundball, 4MD)
Batting: RHB Bobby Santiago 0-0: SINGLE (Groundball, 34S) (infield hit)
Lee Oliver to second
Batting: RHB Júlio Gómez 0-0: Ball
1-0: Ball
2-0: Called Strike
2-1: Called Strike
2-2: Foul Ball, location: 2F
2-2: Ball
3-2: Foul Ball, location: 2F
3-2: Foul Ball, location: 2F
3-2: Foul Ball, location: 2F
3-2: Base on Balls
Lee Oliver to third
Bobby Santiago to second
Batting: RHB Alexander McMillan 0-0: Ball
1-0: Foul Ball, location: 2F
1-1: DOUBLE (Line Drive, 78D)
Lee Oliver scores
Bobby Santiago scores
Júlio Gómez to third
Batting: RHB Lorenzo Hernández 0-0: Called Strike
0-1: Ball
1-1: Swinging Strike
1-2: Strikes out looking
Batting: RHB Terrence Schneider 0-0: Ball
1-0: Swinging Strike
1-1: Ball
2-1: Foul Ball, location: 2F
2-2: Ball
3-2: Base on Balls
Batting: RHB Johnathan Williams 0-0: Ball
1-0: Called Strike
1-1: DOUBLE (Flyball, 89D)
Júlio Gómez scores
Alexander McMillan scores
Terrence Schneider to third
Batting: LHB Marshall Dunn 0-0: Called Strike
0-1: Ball
1-1: SINGLE (Groundball, 3) (infield hit)
Terrence Schneider scores
Johnathan Williams to third
Batting: SHB Manuel Hernández 0-0: Swinging Strike
0-1: Ball
1-1: Ball
2-1: Ball
3-1: Base on Balls
Marshall Dunn to second
Pitching: RHP Mike Palmer
Batting: SHB Lee Oliver 0-0: Ball
1-0: Ball
2-0: Ball
3-0: Base on Balls
Johnathan Williams scores
Marshall Dunn to third
Manuel Hernández to second
Batting: RHB Bobby Santiago 0-0: Ball
1-0: Swinging Strike
1-1: Ball
2-1: Reached on error, E9 (Flyball, 9)
Marshall Dunn scores
Manuel Hernández to third
Lee Oliver to second
Batting: RHB Júlio Gómez 0-0: Called Strike
0-1: Swinging Strike
0-2: Ball
1-2: Strikes out looking
Batting: RHB Alexander McMillan 0-0: Fielders Choice at 2nd, 6-4 (Groundball, 6)
Bottom of the 2nd over - 7 runs, 5 hits, 1 error, 3 left on base; North Carolina 0 - Texas Tech 7
TOP OF THE 3RD
North Carolina Tar Heels batting - Pitching for Texas Tech Red Raiders : RHP Carlos Pineda
Batting: LHB Alfonso Sánchez 0-0: Ball
1-0: Ball
2-0: Ground out 3-1 (Groundball, 34S)
Batting: RHB Scotty Sherman 0-0: Ball
1-0: Ball
2-0: Ball
3-0: Called Strike
3-1: Base on Balls
Batting: RHB Shane Hunter 0-0: Ball
1-0: Ball
Scotty Sherman steals 2nd base
2-0: Fly out, F6 (Line Drive, 6)
Batting: LHB Tim Black 0-0: Ball
1-0: Ball
2-0: Ball
3-0: Base on Balls
Batting: RHB Doug Bruce 0-0: Called Strike
0-1: Ball
1-1: Swinging Strike
1-2: Ball
2-2: Ball
3-2: Base on Balls
Scotty Sherman to third
Tim Black to second
Batting: SHB Justin Boyle 0-0: Called Strike
0-1: Ball
1-1: Swinging Strike
1-2: Foul Ball, location: 2F
1-2: Fly out, F8 (Flyball, 78D)
Top of the 3rd over - 0 runs, 0 hits, 0 errors, 3 left on base; North Carolina 0 - Texas Tech 7
BOTTOM OF THE 3RD
Texas Tech Red Raiders batting - Pitching for North Carolina Tar Heels : RHP Mike Palmer
Batting: RHB Lorenzo Hernández 0-0: Ball
1-0: Called Strike
1-1: Fly out, F8 (Flyball, 8RS)
Batting: RHB Terrence Schneider 0-0: Ball
1-0: Foul Ball, location: 2F
1-1: Foul Ball, location: 2F
1-2: Ball
2-2: Ball
3-2: Foul Ball, location: 2F
3-2: Foul Ball, location: 2F
3-2: Foul Ball, location: 2F
3-2: Base on Balls
Batting: RHB Johnathan Williams 0-0: Called Strike
0-1: Ball
1-1: Ball
2-1: Ball
3-1: Foul Ball, location: 2F
3-2: Foul Ball, location: 2F
3-2: Foul Ball, location: 2F
3-2: Foul Ball, location: 2F
3-2: Base on Balls
Terrence Schneider to second
Batting: LHB Marshall Dunn 0-0: Ball
1-0: SINGLE (Line Drive, 4MD)
Terrence Schneider to third
Johnathan Williams to second
Batting: SHB Manuel Hernández 0-0: Swinging Strike
0-1: Fly out, F2 (Popup, 15S)
Batting: SHB Lee Oliver 0-0: Swinging Strike
0-1: Ground out 4-3 (Groundball, 4)
Bottom of the 3rd over - 0 runs, 1 hit, 0 errors, 3 left on base; North Carolina 0 - Texas Tech 7
TOP OF THE 4TH
North Carolina Tar Heels batting - Pitching for Texas Tech Red Raiders : RHP Carlos Pineda
Batting: RHB Howard Brown 0-0: Ball
1-0: Called Strike
1-1: Ball
2-1: Ground out U3 (Groundball, 3S)
Batting: LHB Emory Bernal 0-0: Fly out, F6 (Popup, 6)
Batting: LHB Quinn Wolfe 0-0: Ball
1-0: Foul Ball, location: 2F
1-1: Swinging Strike
1-2: Strikes out looking
Top of the 4th over - 0 runs, 0 hits, 0 errors, 0 left on base; North Carolina 0 - Texas Tech 7
BOTTOM OF THE 4TH
Texas Tech Red Raiders batting - Pitching for North Carolina Tar Heels : RHP Mike Palmer
Batting: RHB Bobby Santiago 0-0: Called Strike
0-1: Ball
1-1: Ball
2-1: Called Strike
2-2: Ball
3-2: Fly out, F7 (Flyball, 7)
Batting: RHB Júlio Gómez 0-0: Foul Ball, location: 2F
0-1: Swinging Strike
0-2: Ball
1-2: Ball
2-2: Ball
3-2: Base on Balls
Batting: RHB Alexander McMillan 0-0: Called Strike
0-1: SINGLE (Line Drive, 4D)
Júlio Gómez to second
Batting: RHB Lorenzo Hernández 0-0: Swinging Strike
0-1: Foul Ball, location: 2F
0-2: Ball
1-2: Ball
2-2: Ball
3-2: Fly out, F8 (Line Drive, 8LD)
Runner from 2nd tags up, SAFE at 3rd with throw
Batting: RHB Terrence Schneider 0-0: Foul Ball, location: 2F
0-1: Ball
1-1: Ball
2-1: Called Strike
2-2: SINGLE (Flyball, 8LS)
Júlio Gómez scores
Alexander McMillan to second
Runner from 2nd tries for 3rd, OUT!
Bottom of the 4th over - 1 run, 2 hits, 0 errors, 1 left on base; North Carolina 0 - Texas Tech 8
TOP OF THE 5TH
North Carolina Tar Heels batting - Pitching for Texas Tech Red Raiders : RHP Carlos Pineda
Batting: LHB Alfonso Sánchez 0-0: Foul Ball, location: 2F
0-1: Ball
1-1: Foul Ball, location: 2F
1-2: Ball
2-2: Foul Ball, location: 2F
2-2: Strikes out swinging
Pitching: RHP Clancy Tucker
Batting: RHB Scotty Sherman 0-0: Ball
1-0: Called Strike
1-1: Swinging Strike
1-2: Ball
2-2: SINGLE (Groundball, 34S) (infield hit)
Batting: RHB Shane Hunter 0-0: Ball
1-0: Ball
2-0: Ball
3-0: Called Strike
3-1: Called Strike
3-2: Base on Balls
Scotty Sherman to second
Batting: LHB Tim Black 0-0: Ball
1-0: Ball
2-0: Called Strike
2-1: Fielders Choice at 2nd, 3-6 (Groundball, 3)
Scotty Sherman to third
Batting: RHB Doug Bruce 0-0: Fly out, F6 (Line Drive, 6MD)
Top of the 5th over - 0 runs, 1 hit, 0 errors, 2 left on base; North Carolina 0 - Texas Tech 8
BOTTOM OF THE 5TH
Texas Tech Red Raiders batting - Pitching for North Carolina Tar Heels : RHP Mike Palmer
Batting: RHB Johnathan Williams 0-0: Ball
1-0: Ground out 5-3 (Groundball, 56)
Batting: LHB Marshall Dunn 0-0: Called Strike
0-1: Fly out, F7 (Line Drive, 7)
Batting: SHB Manuel Hernández 0-0: Ball
1-0: Fly out, F8 (Flyball, 8RD)
Bottom of the 5th over - 0 runs, 0 hits, 0 errors, 0 left on base; North Carolina 0 - Texas Tech 8
TOP OF THE 6TH
North Carolina Tar Heels batting - Pitching for Texas Tech Red Raiders : RHP Clancy Tucker
Batting: SHB Justin Boyle 0-0: Ball
1-0: Ball
2-0: Ground out 6-3 (Groundball, 6)
Batting: RHB Howard Brown 0-0: Ground out 5-3 (Groundball, 56)
Batting: LHB Emory Bernal 0-0: Ground out U3 (Groundball, 3)
Top of the 6th over - 0 runs, 0 hits, 0 errors, 0 left on base; North Carolina 0 - Texas Tech 8
BOTTOM OF THE 6TH
Texas Tech Red Raiders batting - Pitching for North Carolina Tar Heels : RHP Mike Palmer
Batting: SHB Lee Oliver 0-0: Ball
1-0: Called Strike
1-1: Swinging Strike
1-2: Ground out 5-3 (Groundball, 56S)
Batting: RHB Bobby Santiago 0-0: SINGLE (Line Drive, 6MD)
Batting: RHB Júlio Gómez 0-0: Swinging Strike
Bobby Santiago is caught stealing 2nd base
0-1: Foul Ball, location: 2F
0-2: Foul Ball, location: 2F
0-2: Ball
1-2: Fly out, F9 (Line Drive, 9D)
Bottom of the 6th over - 0 runs, 1 hit, 0 errors, 0 left on base; North Carolina 0 - Texas Tech 8
TOP OF THE 7TH
North Carolina Tar Heels batting - Pitching for Texas Tech Red Raiders : RHP Clancy Tucker
Batting: LHB Quinn Wolfe 0-0: Ball
1-0: Swinging Strike
1-1: Called Strike
1-2: Foul Ball, location: 2F
1-2: Fly out, F4 (Popup, 34D)
Batting: LHB Alfonso Sánchez 0-0: Swinging Strike
0-1: SINGLE (Groundball, 3D)
Batting: RHB Scotty Sherman 0-0: Ball
1-0: Called Strike
1-1: Ball
2-1: Swinging Strike
2-2: Strikes out swinging
Batting: RHB Shane Hunter 0-0: SINGLE (Line Drive, 34D)
Alfonso Sánchez to second
Runner from 2nd tries for 3rd, SAFE, throw made to third
Batting: LHB Tim Black 0-0: Ball
1-0: Swinging Strike
1-1: Called Strike
1-2: Foul Ball, location: 2F
1-2: Strikes out looking
Top of the 7th over - 0 runs, 2 hits, 0 errors, 2 left on base; North Carolina 0 - Texas Tech 8
BOTTOM OF THE 7TH
Texas Tech Red Raiders batting - Pitching for North Carolina Tar Heels : RHP Mike Palmer
Pitching: RHP Tom Garner
Batting: RHB Alexander McMillan 0-0: Ball
1-0: Foul Ball, location: 2F
1-1: Foul Ball, location: 2F
1-2: SINGLE (Groundball, 56D)
Batting: RHB Lorenzo Hernández 0-0: Ball
1-0: Ball
2-0: Ball
3-0: Base on Balls
Alexander McMillan to second
Batting: RHB Terrence Schneider 0-0: Ball
1-0: Called Strike
1-1: Swinging Strike
1-2: SINGLE (Line Drive, 56D)
Alexander McMillan to third
Lorenzo Hernández to second
Batting: RHB Johnathan Williams 0-0: Foul Ball, location: 2F
0-1: Ball
1-1: Foul Ball, location: 2F
1-2: Fly out, F5 (Popup, 5F)
Batting: LHB Marshall Dunn 0-0: Ball
1-0: Swinging Strike
1-1: Fly out, F4 (Popup, 4)
Batting: SHB Manuel Hernández 0-0: Ground out 4-3 (Groundball, 34D)
Bottom of the 7th over - 0 runs, 2 hits, 0 errors, 3 left on base; North Carolina 0 - Texas Tech 8
TOP OF THE 8TH
North Carolina Tar Heels batting - Pitching for Texas Tech Red Raiders : RHP Clancy Tucker
Batting: RHB Doug Bruce 0-0: Ball
1-0: Ball
2-0: Ground out 6-3 (Groundball, 6S)
Batting: SHB Justin Boyle 0-0: Foul Ball, location: 2F
0-1: Called Strike
0-2: Ground out 6-3 (Groundball, 6)
Batting: RHB Howard Brown 0-0: Called Strike
0-1: Swinging Strike
0-2: Ball
1-2: Foul Ball, location: 2F
1-2: Strikes out looking
Top of the 8th over - 0 runs, 0 hits, 0 errors, 0 left on base; North Carolina 0 - Texas Tech 8
BOTTOM OF THE 8TH
Texas Tech Red Raiders batting - Pitching for North Carolina Tar Heels : RHP Tom Garner
Batting: SHB Lee Oliver 0-0: Ball
1-0: Foul Ball, location: 2F
1-1: Called Strike
1-2: SINGLE (Flyball, 7LS)
Batting: RHB Bobby Santiago 0-0: Swinging Strike
0-1: Ball
1-1: Ball
2-1: Grounds into double play, 6-4-3 (Groundball, 6)
Batting: RHB Júlio Gómez 0-0: Ball
1-0: Ball
2-0: Foul Ball, location: 2F
2-1: Foul Ball, location: 2F
2-2: SINGLE (Flyball, 78M)
Batting: RHB Alexander McMillan 0-0: Ball
1-0: Called Strike
1-1: Ball
2-1: Fly out, F7 (Flyball, 7D)
Bottom of the 8th over - 0 runs, 2 hits, 0 errors, 1 left on base; North Carolina 0 - Texas Tech 8
TOP OF THE 9TH
North Carolina Tar Heels batting - Pitching for Texas Tech Red Raiders : RHP Clancy Tucker
Batting: LHB Emory Bernal 0-0: SINGLE (Groundball, 34S) (infield hit)
Batting: LHB Quinn Wolfe 0-0: Ball
1-0: Ball
2-0: Called Strike
2-1: Ball
3-1: Grounds into double play, 4-6-3 (Groundball, 4)
Batting: LHB Alfonso Sánchez 0-0: Ball
1-0: Called Strike
1-1: SINGLE (Line Drive, 4MD)
Batting: RHB Scotty Sherman 0-0: SINGLE (Groundball, 4MD)
Alfonso Sánchez to second
Batting: RHB Shane Hunter 0-0: Ball
1-0: Ball
2-0: Called Strike
2-1: SINGLE (Line Drive, 89S)
Alfonso Sánchez to third
Scotty Sherman to second
Batting: LHB Tim Black 0-0: Called Strike
0-1: Swinging Strike
0-2: Strikes out looking
Top of the 9th over - 0 runs, 4 hits, 0 errors, 3 left on base; North Carolina 0 - Texas Tech 8
Saturday, April 7th, 2018 - OOTP Baseball 18.8 Build 76